 Dungeon Crawl Stone Soup version 0.28-a0-21-gf74fda84f9 (webtiles) character file.

Game seed: 11285090266118527625

50766 Sin92 the Cleaver (level 14, -7/122 HPs)
             Began as a Demonspawn Fighter on July 26, 2021.
             Was a High Priest of Okawaru.
             Mangled by an orc warrior (19 damage)
             ... led by an orc knight
             ... on level 1 of the Orcish Mines.
             The game lasted 00:46:20 (23709 turns).

Sin92 the Cleaver (Demonspawn Fighter)             Turns: 23709, Time: 00:46:22

Health: -7/122     AC: 20    Str: 27    XL:     14   Next: 20%
Magic:  17/20      EV: 13    Int: 14    God:    Okawaru [*****.]
Gold:   2007       SH: 19    Dex: 19    Spells: 13/13 levels left

rFire   + + +      SeeInvis .   i - +6 hand axe of the Swamp {flame, Str+2 Dex+5}
rCold   + + +      Faith    .   v - +2 shield of Resistance {rF++ rC++ Will++}
rNeg    . . .      Spirit   .   p - +5 chain mail {rF+}
rPois   +          Reflect  .   (no helmet)
rElec   .          Harm     .   n - scarf {rC+ rF+}
rCorr   +          Rampage  .   (gloves unavailable)
Will    ++++.                   j - +0 pair of boots of Wisdom {rCorr Int+3}
Stlth   ..........              q - amulet of regeneration
HPRegen 1.30/turn               d - +6 ring of strength
MPRegen 0.17/turn               D - ring "Vuevinn" {rPois rF+}

@: about to teleport, finesse-ful
A: claws 3, slimy green scales 2, demonic guardian 1, torment resistance 1,
condensation shield, demonic willpower, hooves 1, robust 1
a: Renounce Religion, Heroism, Finesse


You were on level 1 of the Orcish Mines.
You worshipped Okawaru.
Okawaru was extremely pleased with you.
You visited 4 branches of the dungeon, and saw 19 of its levels.
You also visited: Ice Cave.

You collected 3913 gold pieces.
You spent 1906 gold pieces at shops.

Inventory:

Hand Weapons
 i - the +6 hand axe of the Swamp (weapon) {flame, Str+2 Dex+5}
   (Okawaru gifted it to you on level 3 of the Lair of Beasts)

   It burns those it strikes, dealing additional fire damage.
   Big, fiery blades are also staple armaments of hydra-hunters.
   Str:       It affects your strength (+2).
   Dex:       It affects your dexterity (+5).
 r - the +14 obsidian axe {vorpal, Drain Fly SInv}
   (Okawaru gifted it to you on level 4 of the Lair of Beasts)

   It inflicts extra damage upon your enemies.
   It occasionally summons demons to assist the wielder when it strikes in
   combat.
   Its wielder is mesmerised by any visible foes.
   It cannot be unequipped while any foes are visible.
   SInv:      It lets you see invisible.
   Fly:       It grants you flight.
   Drain:     It drains your maximum health when unequipped.
 F - a +8 vorpal broad axe
Missiles
 c - a throwing net
 l - 3 curare-tipped darts
 C - 2 atropa-tipped darts (quivered)
Armour
 b - a +1 tower shield of cold resistance
 j - the +0 pair of boots of Wisdom (worn) {rCorr Int+3}
   (You bought it in a shop on level 1 of the Dungeon)

   Int:       It affects your intelligence (+3).
   rCorr:     It protects you from acid and corrosion.
 n - a scarf of resistance (worn)
 p - a +5 chain mail of fire resistance (worn)
 v - the +2 shield of Resistance (worn) {rF++ rC++ Will++}
   (You bought it in a shop on level 1 of the Dungeon)

   rF:        It greatly protects you from fire.
   rC:        It greatly protects you from cold.
   Will:      It greatly increases your willpower.
 I - a +1 plate armour of poison resistance
 M - a +4 crystal plate armour
Jewellery
 a - the amulet "Rasah" {Acrobat rCorr}
   (You found it in an ice cave)

   [amulet of the acrobat]

   It increases your evasion while moving and waiting.
   rCorr:     It protects you from acid and corrosion.
 d - a +6 ring of strength (left claw)
 g - an amulet of the acrobat
 q - an amulet of regeneration (around neck)
 w - an amulet of faith
 D - the ring "Vuevinn" (right claw) {rPois rF+}
   (You acquired it on level 5 of the Lair of Beasts)

   [ring of poison resistance]

   rF:        It protects you from fire.
   rPois:     It protects you from poison.
 E - a ring of protection from fire
Wands
 h - a wand of flame (25)
 t - a wand of iceblast (8)
 y - a wand of digging (6)
 K - a wand of acid (6)
 L - a wand of paralysis (19)
Scrolls
 e - 2 scrolls of magic mapping
 f - 10 scrolls of identify
 m - a scroll of teleportation
 s - 3 scrolls of fog
 u - a scroll of amnesia
 H - 3 scrolls of fear
Potions
 k - 3 potions of magic
 o - 2 potions of curing
 x - a potion of brilliance
 z - a potion of ambrosia
 A - 2 potions of haste
 B - 2 potions of flight


   Skills:
 + Level 10.5 Fighting
 * Level 12.8 Axes
 + Level 9.6 Armour
 - Level 9.2 Dodging
 + Level 9.7 Shields
 - Level 9.0 Invocations


You had 13 spell levels left.
You didn't know any spells.
Your spell library contained the following spells:

 Spells                   Type           Power      Damage    Failure   Level
 Corona                   Hex            0%         N/A       95%         1
 Magic Dart               Conj           0%         1d3       95%         1
 Shock                    Conj/Air       0%         1d3       95%         1
 Blink                    Tloc           N/A        N/A       98%         2
 Ensorcelled Hibernation  Hex/Ice        0%         N/A       98%         2
 Static Discharge         Conj/Air       0%         N/A       98%         2
 Conjure Flame            Conj/Fire      0%         6-21      100%        3
 Dazzling Flash           Conj/Hex       0%         N/A       100%        3
 Ignite Poison            Fire/Tmut/Pois 0%         N/A       100%        3
 Inner Flame              Hex/Fire       0%         N/A       100%        3
 Lesser Beckoning         Tloc           0%         N/A       100%        3
 Tukima's Dance           Hex            0%         N/A       100%        3
 Airstrike                Air            0%         N/A       100%        4
 Hailstorm                Conj/Ice       0%         3d3       100%        4
 Ice Form                 Ice/Tmut       0%         N/A       100%        4
 Iskenderun's Mystic Bla  Conj/Tloc      0%         2d3       100%        4
 Petrify                  Tmut/Erth      0%         N/A       100%        4
 Sticky Flame             Conj/Fire      0%         2d3       100%        4
 Summon Lightning Spire   Summ/Air       0%         N/A       100%        4
 Bolt of Magma            Conj/Fire/Erth 0%         4d4       100%        5
 Fireball                 Conj/Fire      0%         3d3       100%        5
 Lightning Bolt           Conj/Air       0%         1d11      100%        5
 Manifold Assault         Tloc           0%         N/A       100%        5
 Metabolic Englaciation   Hex/Ice        0%         N/A       100%        5
 Dispersal                Tloc           0%         N/A       100%        6
 Simulacrum               Ice/Necr       0%         N/A       100%        6
 Starburst                Conj/Fire      0%         8x6d3     100%        6
 Statue Form              Tmut/Erth      0%         N/A       100%        6
 Spellforged Servitor     Conj/Summ      0%         N/A       100%        7
 Storm Form               Tmut/Air       0%         N/A       100%        7
 Disjunction              Tloc           0%         N/A       100%        8
 Ignition                 Fire           0%         3d3       100%        8
 Fire Storm               Conj/Fire      0%         5d1       100%        9


Dungeon Overview and Level Annotations

Branches:
Dungeon (10/15)            Temple (1/1) D:5            Lair (6/6) D:8
 Shoals (0/4) Lair:3        Snake (0/4) Lair:3        Slime (0/5) Lair:6
    Orc (2/2) D:9             Elf (0/3) Orc:2         IceCv (visited)

Altars:
Ashenzari
Cheibriados
Dithmenos
Elyvilon
Fedhas
Gozag
Hepliaklqana
Kikubaaqudgha
Makhleb
Nemelex Xobeh
Okawaru
Qazlal
Ru
Sif Muna
Trog
Uskayaw
Vehumet
Wu Jian
Xom
Yredelemnul
Zin
The Shining One
Jiyva
Lugonu

Shops:
D:1 [   D:6 :**   D:7 [   D:9 !   Orc:2 :

Portals:
Abyss: Lair:6

Annotations:
D:5 1 runed translucent door, miket3c's ghost, amateur HOFi
D:9 4 runed translucent doors
Lair:1 3 runed translucent doors, Nausicaa's ghost, novice TrDe


Innate Abilities, Weirdness & Mutations

You have claws for hands.
You are mostly covered in slimy green scales. (AC +3)
A weak demonic guardian rushes to your aid.
You are resistant to unholy torment.
A meltable shield of frost defends you. (SH +4)
You punish those that try to bend your will. (Will+)
You have large cloven feet.
You are robust. (+10% HP)


Message History

You hit the orc warrior. You burn the orc warrior.
You closely miss the orc warrior. You hit the orc warrior.
You burn the orc warrior.
The orc warrior hits you but does no damage.
The orc warrior hits you with a +0 scimitar.
* * * LOW HITPOINT WARNING * * *
You barely miss the orc warrior.
The orc warrior is heavily wounded.
You hit the orc warrior. You burn the orc warrior. You slash the orc warrior!
You burn the orc warrior. You hit the orc warrior. You burn the orc warrior.
You block the orc warrior's attack.
The orc warrior hits you but does no damage.
Unknown command.
You slash the orc warrior! You burn the orc warrior.
The orc warrior is almost dead.
You hit the orc warrior but do no damage.
You slash the orc warrior! You burn the orc warrior.
You hit the orc warrior but do no damage.
The orc knight hits you from afar with a +0 halberd!
* * * LOW HITPOINT WARNING * * *
A demonic guardian appears!
You block the orc warrior's attack.
As you read the scroll of teleportation, it crumbles to dust.
You feel strangely unstable. You block the orc warrior's attack.
The orc warrior closely misses you.
The orc warrior hits you with a +0 hand axe.
* * * LOW HITPOINT WARNING * * *
The orc warrior barely misses your white imp.
You block the orc warrior's attack.
The orc knight hits you from afar with a +0 halberd!
* * * LOW HITPOINT WARNING * * *
You block the orc warrior's attack.
Your white imp gestures at the orc warrior.
The puff of frost hits the orc warrior.
You feel better. You block the orc wizard's attack.
The orc warrior hits your white imp with a +0 scimitar!!
Your white imp dies!
The orc priest looks encouraged for a moment.
The orc warrior barely misses you. You block the orc warrior's attack.
The orc warrior hits you with a +2 vampiric halberd!!
You die...

#...#..###..#..#
##...##..#...#...
####...##.......#...
#.#....###....######
##.....##.....####..
####.................
#.#..####.....#.......#
###..)o)##.....##......#
#...o)o@.###...###.....#
#....oooo# #.### ##..##.
......o.h...### ##.##.
.............# ##.##.
.....#........# #.....
.$..#........## ##.###
#...........## ###
##.....#...#


You could see an orc knight, a warg, 5 orc warriors, an orc priest (strong) and
an orc wizard (strong).

Vanquished Creatures
  A frost giant (IceCv)
  8 hydras
  Erica (D:8)
  3 two-headed ogres
  4 death yaks (IceCv)
  3 thrashing horrors (Lair:6)
  A skeletal warrior (D:9)
  A large abomination (Lair:6)
  3 ugly things (Lair:6)
  3 elephants (Lair:4)
  2 merfolk sirens (Lair:3)
  9 black mambas
  9 cane toads
  An ice statue (IceCv)
  A smoke demon (Lair:6)
  Maggie (D:6)
  A rime drake (shapeshifter) (Lair:6)
  5 rime drakes
  7 komodo dragons
  2 ancient zymes (Lair:6)
  2 merfolk (Lair:3)
  A hornet (D:7)
  2 trolls
  9 polar bears
  20 blink frogs
  Grinder (D:3)
  2 dream sheep (Lair:4)
  A ynoxinul (Lair:6)
  2 shadows (D:9)
  3 wraiths (D:9)
  4 basilisks
  4 wyverns
  18 yaks
  3 chaos spawn (Lair:6)
  2 wargs (Orc:1)
  A two-headed ogre zombie (D:9)
  11 water moccasins
  4 nagas (Lair:3)
  7 small abominations (Lair:6)
  13 orc warriors
  2 black bears
  An ice beast (D:6)
  7 ogres
  21 wolves
  A centaur (D:8)
  A phantom (D:9)
  2 kobold brigands
  A gnoll sergeant (Orc:2)
  13 bullfrogs
  3 scorpions
  A wyvern zombie (D:8)
  2 troll zombies (D:9)
  A jelly (D:6)
  11 killer bees
  2 howler monkeys
  9 wights (D:9)
  3 electric eels
  Crazy Yiuf (D:4)
  3 centaur zombies
  3 hounds
  11 orc priests
  4 iguanas
  A gnoll shaman (D:6)
  Ijyb (D:3)
  Terence (D:3)
  16 orc wizards
  4 ogre zombies (D:9)
  A howler monkey zombie (D:8)
  10 gnolls
  5 adders
  A white imp (D:7)
  2 worms
  3 dart slugs
  41 orcs
  6 ball pythons
  4 endoplasms
  2 giant cockroaches
  4 goblins
  2 hobgoblins
  3 jackals (D:1)
  A quokka (D:4)
  8 bats
  2 goblin skeletons (D:9)
  2 goblin zombies (D:9)
  A hobgoblin skeleton (D:9)
  2 hobgoblin zombies (D:9)
  11 kobolds
  2 orc skeletons (D:9)
  16 orc zombies (D:9)
  6 rats
437 creatures vanquished.

Vanquished Creatures (collateral kills)
  3 elephants (Lair:4)
  A komodo dragon (Lair:5)
  2 dream sheep (Lair:4)
  A yak (Lair:5)
  A water moccasin (D:6)
  3 wolves
  A troll zombie (D:9)
12 creatures vanquished.

Vanquished Creatures (others)
  A polar bear (IceCv)
  2 yaks (IceCv)
  3 wolves (IceCv)
  21 fungi
  28 plants
55 creatures vanquished.

Grand Total: 504 creatures vanquished

Notes
Turn   | Place    | Note
-------+----------+-------------------------------------------
     0 | D:1      | Sin92 the Demonspawn Fighter began the quest for the Orb.
     0 | D:1      | Reached XP level 1. HP: 18/18 MP: 1/1
   263 | D:1      | Reached skill level 2 in Axes
   307 | D:1      | Found a faded altar of an unknown god.
   381 | D:1      | Gained mutation: You are partially covered in slimy green
                  | scales. (AC +2) [demonic ancestry]
   381 | D:1      | Reached XP level 2. HP: 24/24 MP: 2/2
   492 | D:1      | Found Jiukody's Antique Armour Shop.
  1002 | D:2      | Gained mutation: You are mostly covered in slimy green
                  | scales. (AC +3) [demonic ancestry]
  1002 | D:2      | Reached XP level 3. HP: 29/29 MP: 3/3
  1401 | D:2      | Found an ornate altar of the Wu Jian Council.
  1498 | D:3      | Noticed Terence
  1508 | D:3      | Killed Terence
  1509 | D:3      | Reached skill level 1 in Dodging
  1554 | D:3      | Noticed Grinder
  1559 | D:3      | Paralysed by Grinder for 7 turns
  1571 | D:3      | Killed Grinder
  1572 | D:3      | Reached skill level 3 in Axes
  1572 | D:3      | Gained mutation: A meltable shield of frost defends you.
                  | (SH +4) [demonic ancestry]
  1572 | D:3      | Reached XP level 4. HP: 8/37 MP: 4/4
  1572 | D:3      | Gained mutation: You have sharp fingernails. [demonic
                  | ancestry]
  1572 | D:3      | Reached XP level 5. HP: 9/42 MP: 5/5
  1691 | D:3      | Noticed Ijyb
  1702 | D:3      | Killed Ijyb
  1703 | D:3      | Gained mutation: You have very sharp fingernails. [demonic
                  | ancestry]
  1703 | D:3      | Reached XP level 6. HP: 45/48 MP: 6/6
  1799 | D:3      | Gained mutation: You have large cloven feet. [potion of
                  | mutation]
  1799 | D:3      | Gained mutation: You are robust. (+10% HP) [potion of
                  | mutation]
  2022 | D:3      | Reached skill level 4 in Axes
  2415 | D:3      | Identified a scroll of acquirement
  2415 | D:3      | Acquired 894 gold pieces
  2542 | D:1      | Bought a pair of spiked boots for 190 gold pieces
  2542 | D:1      | Identified the +0 pair of boots of Wisdom {rCorr Int+3}
                  | (You bought it in a shop on level 1 of the Dungeon)
  2542 | D:1      | Bought a pair of runed gloves for 150 gold pieces
  2614 | D:4      | Gained mutation: You have claws for hands. [demonic
                  | ancestry]
  2614 | D:4      | Reached XP level 7. HP: 59/59 MP: 7/7
  2969 | D:4      | Found a hide-covered altar of Uskayaw.
  3002 | D:4      | Got the Almanac of Combat Magic and Enchantment
  3473 | D:4      | Found a runed translucent door.
  3474 | D:4      | Noticed Crazy Yiuf
  3480 | D:4      | Killed Crazy Yiuf
  3597 | D:5      | Entered Level 5 of the Dungeon
  3657 | D:5      | Found a staircase to the Ecumenical Temple.
  3670 | Temple   | Entered the Ecumenical Temple
  4161 | D:5      | Found a runed translucent door.
  4211 | D:5      | Noticed miket3c's ghost (amateur HOFi)
  4226 | D:5      | Reached skill level 5 in Axes
  4303 | D:5      | Reached XP level 8. HP: 67/67 MP: 8/8
  4434 | D:5      | Found an ancient bone altar of Kikubaaqudgha.
  4612 | D:6      | Reached skill level 5 in Fighting
  4631 | D:6      | Found Vetir's Assorted Antiques.
  4645 | D:6      | Bought a shiny chain mail for 240 gold pieces
  4645 | D:6      | Bought a white potion for 28 gold pieces
  4890 | D:6      | Found a sacrificial altar of Ru.
  4946 | D:6      | Reached skill level 6 in Axes
  5045 | D:6      | Found a bloodstained altar of Trog.
  5094 | D:6      | Reached skill level 5 in Armour
  5094 | D:6      | Reached skill level 5 in Shields
  5107 | D:6      | Found a shimmering blue altar of Sif Muna.
  5116 | D:6      | Got Sif Muna's Reference Book on Flight and Battle Magic
  5147 | D:6      | Found an opulent altar of Gozag.
  5173 | D:6      | Noticed Maggie
  5196 | D:6      | Killed Maggie
  5197 | D:6      | Reached XP level 9. HP: 58/74 MP: 9/9
  5410 | D:6      | Found Giurorezo's General Store.
  5749 | D:6      | Found Epruasum's Book Boutique.
  5848 | D:7      | Found an iron altar of Okawaru.
  5866 | D:7      | Became a worshipper of Warmaster Okawaru
  6397 | D:7      | Reached skill level 7 in Axes
  6397 | D:7      | Reached skill level 1 in Invocations
  6602 | D:7      | Found Assycyi's Armour Boutique.
  6858 | D:7      | Found a blossoming altar of Fedhas.
  6859 | D:7      | Found a shadowy altar of Dithmenos.
  7532 | D:8      | Identified the +5 pair of gloves "Tiqoas" {rPois Dex+2
                  | Stlth+}
  7535 | D:8      | Found a staircase to the Lair.
  7587 | D:8      | Reached * piety under Okawaru
  7741 | D:8      | Reached skill level 5 in Dodging
  8135 | D:8      | Noticed Erica
  8139 | D:8      | Gained mutation: A weak demonic guardian rushes to your
                  | aid. [demonic ancestry]
  8139 | D:8      | Reached XP level 10. HP: 64/84 MP: 12/12
  8154 | D:8      | Killed Erica
  8154 | D:8      | Reached ** piety under Okawaru
  8155 | D:8      | Reached skill level 8 in Axes
  8627 | D:9      | Found a huge runed translucent gate.
  8627 | D:9      | Found a huge runed translucent gate.
  8629 | D:9      | Found a huge runed translucent gate.
  8630 | D:9      | Found a huge runed translucent gate.
  8914 | D:9      | Found Ceusac's Distillery.
  9277 | D:9      | Noticed a two-headed ogre
  9291 | D:9      | Killed a two-headed ogre
  9291 | D:9      | Reached *** piety under Okawaru
  9310 | D:9      | Noticed a two-headed ogre
  9322 | D:9      | Killed a two-headed ogre
  9322 | D:9      | Reached **** piety under Okawaru
  9323 | D:9      | Reached skill level 5 in Invocations
  9944 | D:9      | Noticed a skeletal warrior
  9945 | D:9      | Found the +5 scythe "Finisher" {speed, eviscerate}
  9958 | D:9      | Killed a skeletal warrior
  9973 | D:9      | Reached skill level 9 in Axes
 10192 | D:9      | Found a staircase to the Orcish Mines.
 10204 | D:9      | Gained mutation: You punish those that try to bend your
                  | will. (Will+) [demonic ancestry]
 10204 | D:9      | Reached XP level 11. HP: 31/92 MP: 15/15
 10712 | D:10     | Entered Level 10 of the Dungeon
 11105 | Lair:1   | Entered Level 1 of the Lair of Beasts
 11967 | Lair:1   | Noticed Nausicaa's ghost (novice TrDe)
 11968 | Lair:1   | Noticed a minotaur
 11973 | Lair:1   | Noticed a six-headed hydra
 11985 | Lair:1   | Found a runed translucent gate.
 11985 | Lair:1   | Found a runed translucent gate.
 11985 | Lair:1   | Found a runed translucent gate.
 12185 | Lair:1   | Noticed a six-headed hydra
 12195 | Lair:1   | Killed a one-headed hydra
 12195 | Lair:1   | Reached ***** piety under Okawaru
 12899 | Lair:2   | Received a gift from Okawaru
 13031 | Lair:2   | Acquired 1007 gold pieces
 13264 | D:1      | Bought the +2 shield of Resistance {rF++ rC++ Will++} for
                  | 1298 gold pieces
 13264 | D:1      | Found the +2 shield of Resistance {rF++ rC++ Will++}
 14215 | Lair:3   | Noticed a seven-headed hydra
 14229 | Lair:3   | Killed a one-headed hydra
 14229 | Lair:3   | Received a gift from Okawaru
 14240 | Lair:3   | Received a gift from Okawaru
 14271 | Lair:3   | Found a frozen archway.
 14278 | IceCv    | Entered an ice cave
 14285 | IceCv    | Reached skill level 10 in Axes
 15028 | IceCv    | Received a gift from Okawaru
 15087 | IceCv    | Noticed a death yak
 15089 | IceCv    | Noticed a death yak
 15095 | IceCv    | Noticed a frost giant
 15101 | IceCv    | Killed a death yak
 15109 | IceCv    | Reached XP level 12. HP: 65/102 MP: 13/17
 15112 | IceCv    | Killed a death yak
 15121 | IceCv    | Killed a frost giant
 15121 | IceCv    | Identified the +2 robe of Fortification {rCorr Str+3 Int+3}
                  | (Okawaru gifted it to you in an ice cave)
 15121 | IceCv    | Received a gift from Okawaru
 15121 | IceCv    | Reached ****** piety under Okawaru
 15431 | IceCv    | Identified the amulet "Rasah" {Acrobat rCorr}
 15442 | IceCv    | Got Paiv's Disquisition on the Snowflakes
 15471 | IceCv    | Noticed a death yak
 15471 | IceCv    | Noticed a death yak
 15480 | IceCv    | Killed a death yak
 15483 | IceCv    | Killed a death yak
 16412 | Lair:3   | Found a staircase to the Snake Pit.
 16415 | Lair:3   | Identified the +6 hand axe of the Swamp {flame, Str+2
                  | Dex+5} (Okawaru gifted it to you on level 3 of the Lair of
                  | Beasts)
 16415 | Lair:3   | Received a gift from Okawaru
 16575 | Lair:3   | Noticed a seven-headed hydra
 16585 | Lair:3   | Killed a seven-headed hydra
 16586 | Lair:3   | Reached skill level 11 in Axes
 16719 | Lair:3   | Noticed a five-headed hydra
 16730 | Lair:3   | Killed a one-headed hydra
 17305 | Lair:3   | Found a staircase to the Shoals.
 18085 | Lair:4   | Reached XP level 13. HP: 78/111 MP: 19/19
 18290 | Lair:4   | Received a gift from Okawaru
 18291 | Lair:4   | Found the +14 obsidian axe {vorpal, Drain Fly SInv}
 19398 | Lair:4   | Identified the +2 morningstar of Bile {flame, rC+ Int+4}
                  | (Okawaru gifted it to you on level 4 of the Lair of Beasts)
 19398 | Lair:4   | Received a gift from Okawaru
 20447 | Lair:5   | Acquired the ring "Vuevinn" {rPois rF+}
 20639 | Lair:5   | Reached skill level 12 in Axes
 21040 | Lair:6   | Entered Level 6 of the Lair of Beasts
 21147 | Lair:6   | Received a gift from Okawaru
 21215 | Lair:6   | Found a viscous altar of Jiyva.
 21221 | Lair:6   | Found a staircase to the Slime Pits.
 21332 | Lair:6   | Reached skill level 10 in Fighting
 21630 | Lair:6   | Identified the +1 leather armour of Caxeps {Fly rPois}
 21733 | Lair:6   | Gained mutation: You are resistant to unholy torment.
                  | [demonic ancestry]
 21733 | Lair:6   | Reached XP level 14. HP: 64/121 MP: 20/20
 21887 | Lair:6   | Found a corrupted altar of Lugonu.
 21887 | Lair:6   | Found a one-way gate to the infinite horrors of the Abyss.
 22513 | Lair:6   | Got Daank's Collected Works on Feathers and Conjuration
 22839 | Orc:1    | Entered Level 1 of the Orcish Mines
 22857 | Orc:1    | Received a gift from Okawaru
 23316 | Orc:2    | Entered Level 2 of the Orcish Mines
 23316 | Orc:2    | Found Esic's Self-Improvement Boutique.
 23464 | Orc:2    | Found a staircase to the Elven Halls.
 23708 | Orc:1    | HP: 5/122 [orc knight (10)]
 23709 | Orc:1    | Mangled by an orc warrior

Illustrated notes

Levels and vault maps discovered:
D:1:      dpeg_arrival_rooms_with_view, layout_rooms, serial_shops,
          nicolae_shop_waterfront, shapermc_ecumenical_altar_petra
D:2:      layout_basic, basic_altar, dk_vineyard_3, dk_noncrumbling_4,
          columned_hall_lemuel
D:3:      layout_basic, wad_rectangle_vault, uniq_grinder, uniq_ijyb,
          uniq_terence
D:4:      layout_loops_corners, kennysheep_mini, uniq_crazy_yiuf_cottage
D:5:      layout_cave_pools, kennysheep_little_box, mainiacjoe_overflow_catwalk,
          minmay_temple_entry_drinking_statues, ebering_ghost_sewer_d,
          chequers_serial_rivers_room_a
D:6:      layout_basic, nzn_overflow_gifts_of_might_and_magic,
          mainiacjoe_overflow_concentric_impassable, grunt_gozag_breadcrumbs,
          serial_shops, shop, nicolae_shop_waterfront, nrook_campfire,
          kennysheep_windowed_goal, uniq_maggie
D:7:      layout_loops_cross, amcnicky_altar_gilded,
          mainiacjoe_overflow_divided_tiny, serial_glass, glass_columns_b,
          glass_columns_b, glass_columns_a, glass_columns_a, glass_columns_a,
          glass_columns_c, glass_columns_a, glass_columns_a, glass_columns_a,
          glass_columns_a, glass_columns_b, glass_columns_a, glass_columns_b,
          glass_columns_c, hangedman_abyss_or_decor_slice,
          roderic_roman_lattice, fountainhead, nicolae_take_the_stairs,
          st_stairs_4
D:8:      layout_basic, lair_entry_dummy, uniq_erica
D:9:      lemuel_bear_cage, layout_basic, zombieorc2_lemuel, serial_shops,
          nicolae_square_shop, minmay_guarded_unrand_finisher
D:10:     layout_loops_ring
Temple:   minmay_temple_forest_path
Lair:1:   layout_regular_city, maelrawn_ghost_gauntlet_escape
Lair:2:   layout_regular_city, basic_altar, lemuel_fruit_tree
Lair:3:   layout_roguey, elwin_shoals_entry_stream,
          minmay_snake_entry_guardpost_small, portal_ice_cave_rime,
          serial_bayou_shore_a, serial_bayou_shore_b
Lair:4:   layout_layer_cave
Lair:5:   layout_cave_pods, infiniplex_staircase_pool
Lair:6:   hellmonk_lair_end_abyssal_woods, layout_regular_city, slime_altar_1
Orc:1:    layout_diamond_mine
Orc:2:    st_orc_open, layout_diamond_mine, nicolae_orc_stony_grotto,
          nicolae_shop_self_help

Skill      XL: |  1  2  3  4  5  6  7  8  9 10 11 12 13 |
---------------+----------------------------------------+-----
Axes           | 2 3 4 5 6 7 9 10 11 12 | 12.8
Armour         | 3 4 5 6 7 8 9 |  9.6
Dodging        | 1 2 3 4 5 6 7 9 |  9.2
Shields        | 3 4 5 6 7 8 9 |  9.7
Fighting       | 4 5 6 7 8 9 10 | 10.5
Invocations    | 3 5 7 9 |  9.0

Action                   |  1- 3 |  4- 6 |  7- 9 | 10-12 | 13-15 || total
-------------------------+-------+-------+-------+-------+-------++-------
Melee: War axe           |   113 |    76 |   399 |   399 |       ||   987
       Kick              |       |    11 |       |       |       ||    11
       Broad axe         |       |       |       |   210 |   107 ||   317
       Hand axe          |       |       |       |    15 |   447 ||   462
Invok: Heroism           |       |       |       |     5 |     1 ||     6
       Finesse           |       |       |       |     3 |     2 ||     5
  Use: Potion            |     2 |     3 |     8 |     6 |     2 ||    21
       Scroll            |       |     4 |     7 |    13 |     7 ||    31
 Stab: Distracted        |       |       |       |     3 |       ||     3
Armor: Scale mail        |    78 |    55 |    54 |       |       ||   187
       Chain mail        |       |       |   125 |   291 |   194 ||   610
Dodge: Dodged            |    32 |    20 |    99 |   218 |   192 ||   561
Block: Kite shield       |    60 |    65 |   326 |   561 |   506 ||  1518

Table legend: (Time is in decaauts)
 A = Elapsed time spent in this place.
 B = Non-inter-level travel time spent in this place.
 C = Inter-level travel time spent in this place.
 D = Time resting spent in this place.
 E = Time spent auto-exploring this place.
 F = Levels seen in this place.
 G = Mean time per level.
                   A        B        C        D        E       F      G
               +--------+--------+--------+--------+--------+-----+--------+
         Total |  23962 |  22038 |   1924 |   3341 |  14741 |  20 | 1198.1 |
       Dungeon |  11936 |  10537 |   1399 |   1682 |   6656 |  10 | 1193.6 |
        Temple |    405 |    385 |     20 |      0 |    384 |   1 |  405.0 |
          Lair |   8641 |   8166 |    475 |   1130 |   5825 |   6 | 1440.2 |
  Orcish Mines |    833 |    804 |     29 |      0 |    604 |   2 |  416.5 |
      Ice Cave |   2145 |   2145 |      0 |    529 |   1271 |   1 | 2145.0 |
               +--------+--------+--------+--------+--------+-----+--------+

Top non-repeatable levels by time:
     D:9: 2425 daAuts
   IceCv: 2145 daAuts
  Lair:4: 1948 daAuts
     D:7: 1811 daAuts
  Lair:3: 1725 daAuts
  Lair:6: 1601 daAuts
     D:8: 1499 daAuts
     D:6: 1422 daAuts
  Lair:2: 1256 daAuts
  Lair:5: 1134 daAuts
     D:4: 1109 daAuts
     D:3: 1074 daAuts
  Lair:1: 976 daAuts
     D:1: 916 daAuts
     D:2: 910 daAuts
